 Dungeon Crawl Stone Soup version 0.17.0-73-gb648821 (webtiles) character file.

837 Rationalist the Shield-Bearer (level 8, -1/62 HPs)
             Began as a Formicid Fighter on Dec 9, 2015.
             Was a Follower of Qazlal.
             Slain by a troll (15 damage)
             ... on level 4 of the Dungeon.
             The game lasted 00:07:11 (4039 turns).

Rationalist the Shield-Bearer (Formicid Fighter)    Turns: 4039, Time: 00:07:11

Health: -1/62      AC:  7    Str: 21    XL:     8   Next: 19%
Magic:  8/8        EV:  9    Int:  8    God:    Qazlal [*.....]
Gold:   24         SH: 17    Dex:  9    Spells: 0 memorised, 7 levels left

rFire  . . .     SeeInvis +     a - +0 war axe
rCold  . . .     Clarity  .     q - +0 mottled dragon armour
rNeg   . . .     SustAt   .     r - +0 large shield
rPois  .         Gourm    .     (helmet unavailable)
rElec  .         Spirit   .     (no cloak)
rCorr  .         Warding  .     (no gloves)
rMut   .         Stasis   +     (no boots)
MR     .....                    h - amulet of regeneration
Stlth  +.........               (no ring)
                                l - -3 ring of dexterity (curse)

@: not resistant to hostile enchantments, very unstealthy
A: permanent stasis, dig shafts and tunnels, four strong arms, antennae 3
a: Dig, Shaft Self, Renounce Religion


You were on level 4 of the Dungeon.
You worshipped Qazlal.
Qazlal was aware of your devotion.
You were not hungry.

You visited 1 branch of the dungeon, and saw 4 of its levels.

You collected 101 gold pieces.
You spent 77 gold pieces at shops.

Inventory:

Hand Weapons
 a - a +0 war axe (weapon)
Missiles
 f - 17 sling bullets
 o - 23 bolts
Armour
 q - a +0 mottled dragon armour (worn)
 r - a +0 large shield (worn)
Rods
 n - a +0 rod of destruction (9/9)
   (You found it on level 2 of the Dungeon)
Jewellery
 b - an uncursed amulet of resist corrosion
 h - an amulet of regeneration (around neck)
 l - a cursed -3 ring of dexterity (left hand)
Wands
 m - a wand of slowing (22)
 y - a wand of disintegration (6)
Scrolls
 c - a scroll of remove curse {unknown}
 g - 3 scrolls of fog
 s - 2 scrolls of amnesia {unknown}
 v - a scroll of fear
 w - a scroll of identify
Potions
 d - 4 potions of might
 i - a potion of cancellation
 j - 3 potions of agility
 k - a potion of magic
 p - a potion of cure mutation
Comestibles
 e - 7 bread rations
 u - a meat ration
 x - a beef jerky


   Skills:
 + Level 5.0 Fighting
 + Level 4.4 Axes
 + Level 4.4 Armour
 + Level 3.8 Dodging
 + Level 1.0 Stealth
 + Level 6.1 Shields


You had 7 spell levels left.
You didn't know any spells.

Dungeon Overview and Level Annotations

Branches:
Dungeon (4/15)             Temple (0/1) D:4

Altars:
Qazlal

Shops:
D:4 ?


Innate Abilities, Weirdness & Mutations

You are under a permanent stasis effect.
You can dig through walls and to a lower floor.
Your four strong arms can wield two-handed weapons with a shield.
You have a pair of large antennae on your head (SInv).


Message History

The troll claws you but does no damage. You block the troll's attack.
The troll claws you. The troll misses you.
You slash the troll!
The troll is severely wounded.
You block the troll's attack. x2
The troll claws you!
You hit the troll.
The troll is severely wounded.
You block the troll's attack. The troll claws you but does no damage.
You block the troll's attack. The troll bites you but does no damage.
The troll claws you but does no damage. You block the troll's attack.
You slash the troll!
The troll is almost dead.
The troll bites you!
* * * LOW HITPOINT WARNING * * *
You block the troll's attack. The troll claws you but does no damage.
You barely miss the troll.
The troll is almost dead.
The troll bites you!
You die...

###+##### #........#(#
#.......# #.........#.#
#.......# #.........#.#
#.......# #.........#.#
#.......#
#.........#.####.......#
#.........#............#
#.........#####........#
#......§..#...........##
#......@§.#.###.########
#.###+#T#.# #.#.#.......
.!..# #...#.######
##$### #.###.#...#. #.#
#.###.#.#.#. #.#
#.....#.#.#. ..#
#######.#.#. ###
#......<....
#.#######...


You could see a troll.

Vanquished Creatures
  Menkaure (D:4)
  The ghost of Rationalist the Shield-Bearer, an amateur FoFi (D:3)
  2 phantoms (D:4)
  A giant frog (D:3)
  Blork the orc (D:4)
  2 hounds (D:4)
  An orc priest (D:3)
  An iguana (D:4)
  3 orc wizards
  3 adders (D:4)
  An ooze (D:1)
  4 worms
  3 giant geckos
  18 orcs
  2 ball pythons (D:2)
  4 giant cockroaches
  7 goblins
  A hobgoblin (D:2)
  4 jackals
  8 kobolds
  5 quokkas
  10 bats
  2 giant newts (D:1)
  12 rats
97 creatures vanquished.

Notes
Turn   | Place    | Note
--------------------------------------------------------------
     0 | D:1      | Rationalist the Formicid Fighter began the quest for the Orb.
     0 | D:1      | Reached XP level 1. HP: 18/18 MP: 1/1
    89 | D:1      | Reached XP level 2. HP: 24/24 MP: 2/2
   171 | D:1      | Reached skill level 4 in Shields
   317 | D:1      | Reached XP level 3. HP: 28/30 MP: 3/3
   423 | D:1      | You fall through a shaft!
   757 | D:2      | Found a stormy altar of Qazlal.
   773 | D:2      | Became a worshipper of Qazlal Stormbringer
  2024 | D:1      | Reached XP level 4. HP: 37/37 MP: 4/4
  2144 | D:3      | Reached skill level 1 in Dodging
  2159 | D:3      | Reached XP level 5. HP: 39/42 MP: 5/5
  2213 | D:3      | Noticed a giant frog
  2221 | D:3      | Killed a giant frog
  2221 | D:3      | Reached XP level 6. HP: 38/48 MP: 6/6
  2282 | D:3      | Reached * piety under Qazlal
  2435 | D:3      | Noticed Rationalist's ghost (amateur FoFi)
  2454 | D:3      | Killed Rationalist's ghost
  2642 | D:3      | Reached skill level 5 in Shields
  3230 | D:4      | Reached XP level 7. HP: 55/55 MP: 7/7
  3232 | D:4      | Noticed Blork the orc
  3258 | D:4      | Killed Blork the orc
  3467 | D:4      | Found a staircase to the Ecumenical Temple.
  3548 | D:4      | Found Duxzy's Magic Scroll Shoppe.
  3622 | D:4      | Bought a scroll of fear for 49 gold pieces
  3622 | D:4      | Bought a scroll of identify for 28 gold pieces
  3670 | D:4      | Reached XP level 8. HP: 61/61 MP: 8/8
  3793 | D:4      | Noticed Menkaure
  3800 | D:4      | Killed Menkaure
  3800 | D:4      | Reached skill level 5 in Fighting
  3800 | D:4      | Reached skill level 1 in Stealth
  3800 | D:4      | Reached skill level 6 in Shields
  4029 | D:4      | Noticed a troll
  4039 | D:4      | Slain by a troll

Action                   |  1- 3 |  4- 6 |  7- 9 || total
-------------------------+-------+-------+-------++-------
Melee: War axe           |   103 |   108 |   100 ||   311
 Abil: Dig               |     2 |       |       ||     2
  Use: Scroll            |       |     5 |       ||     5
       Potion            |       |     1 |       ||     1
  Eat: Chunk             |     2 |     2 |     3 ||     7
       Meat ration       |       |     1 |       ||     1
